 Dungeon Crawl Stone Soup version 0.30-a0-782-ge64f9170bb (webtiles) character file.

Game seed: 6639075769770252263

14613 Leeroy the Carver (level 12, -1/64 HPs)
             Began as a Vine Stalker Monk on Mar 4, 2023.
             Was a Believer of Uskayaw.
             Drowned by a quicksilver ooze (5 damage)
             ... in a Gauntlet.
             The game lasted 00:28:09 (11318 turns).

Leeroy the Carver (Vine Stalker Monk)              Turns: 11318, Time: 00:28:10

Health: -1/64      AC: 15    Str: 16    XL:     12   Next: 18%
Magic:  0/23       EV: 12    Int: 10    God:    Uskayaw [**....]
Gold:   560        SH:  0    Dex: 29    Spells: 23/25 levels left

rFire   + + .      SeeInvis .    U - +2 scimitar (vamp)
rCold   x . .      Faith    .    (no shield)
rNeg    + . .      Spirit   +    Y - +2 fire dragon scales
rPois   .          Reflect  .    q - +1 helmet
rElec   .          Harm     .    Z - +0 cloak
rCorr   .          Rampage  .    (no gloves)
Will    +....      NoTele   +    (no boots)
Stlth   +++                      z - amulet of the acrobat
HPRegen 1.10/turn                d - +6 ring of dexterity
MPRegen 0.18/turn                a - ring "Daosent" {Wiz rN+ Dex+3}

@: engulfed (cannot breathe)
A: fangs 3, regeneration 1, magic shield, antimagic bite, no potion heal 2
a: Renounce Religion, Stomp, Line Pass


You were in a Gauntlet.
You worshipped Uskayaw.
Uskayaw was noncommittal.
You visited 3 branches of the dungeon, and saw 12 of its levels.
You also visited: Ossuary, Bailey and Gauntlet.

You collected 560 gold pieces.

Inventory:

Hand Weapons
 t - the +3 shortbow "Vine Stalker's Doom" {freeze, Str+3 Dex+3 Stlth+}
   (You found it on level 9 of the Dungeon)

   Str:       It affects your strength (+3).
   Dex:       It affects your dexterity (+3).
   Stlth:     It makes you more stealthy.
 x - a +3 dagger of speed
 J - the +5 trident of an ice cave {heavy, Int-4 SInv Stlth+}
   (You found it on level 5 of the Dungeon)

   Int:       It affects your intelligence (-4).
   SInv:      It lets you see invisible.
   Stlth:     It makes you more stealthy.
 M - a +0 great sword
 P - a +2 scimitar of electrocution
 U - a +2 vampiric scimitar (weapon)
Missiles
 r - 29 poisoned darts (quivered)
 I - 5 throwing nets
 Q - a curare-tipped dart
 S - 6 boomerangs of dispersal
Armour
 b - +0 steam dragon scales
 g - a +2 scale mail of positive energy
 q - a +1 helmet (worn)
 u - +1 acid dragon scales
 D - a +0 helmet of intelligence
 N - a +2 robe of willpower
 Y - +2 fire dragon scales (worn)
 Z - a +0 cloak (worn)
Magical Staves
 e - a staff of conjuration
 p - a staff of air
Jewellery
 a - the ring "Daosent" (right hand) {Wiz rN+ Dex+3}
   (You found it on level 9 of the Dungeon)

   [ring of wizardry]

   It improves your spell success rate.
   Dex:       It affects your dexterity (+3).
   rN:        It protects you from negative energy.
 d - a +6 ring of dexterity (left hand)
 z - an amulet of the acrobat (around neck)
 K - an amulet of regeneration
 W - a ring of see invisible
Scrolls
 c - 3 scrolls of fear
 k - 4 scrolls of enchant weapon
 n - 2 scrolls of blinking
 w - 4 scrolls of teleportation
 y - 2 scrolls of amnesia
 A - 2 scrolls of poison
 B - a scroll of magic mapping
 C - 2 scrolls of vulnerability
 F - 2 scrolls of fog
 G - a scroll of summoning
 H - 2 scrolls of enchant armour {unknown}
 L - 2 scrolls of acquirement {unknown}
 O - a scroll of immolation {unknown}
Potions
 f - 2 potions of cancellation {unknown}
 h - 3 potions of berserk rage {unknown}
 i - 4 potions of curing {unknown}
 j - 3 potions of haste {unknown}
 l - 3 potions of might {unknown}
 m - 3 potions of mutation {unknown}
 o - 2 potions of lignification {unknown}
 s - 3 potions of flight {unknown}
 v - a potion of brilliance {unknown}
 E - 2 potions of invisibility {unknown}
 R - a potion of attraction {unknown}
 T - 2 potions of magic {unknown}
 V - a potion of heal wounds {unknown}
Miscellaneous
 X - a lightning rod (2/4)


   Skills:
 + Level 7.6 Fighting
 - Level 12.4 Long Blades
 - Level 6.2 Armour
 - Level 4.3 Dodging
 - Level 6.3 Stealth
 - Level 7.1 Spellcasting


You had 23 spell levels left.
You knew the following spells:

 Your Spells              Type           Power      Damage    Failure   Level
a - Blink                 Tloc           6%         N/A       41%         2

Your spell library contained the following spells:

 Spells                   Type           Power      Damage    Failure   Level
 Apportation              Tloc           6%         N/A       28%         1
 Slow                     Hex            12%        N/A       28%         1
 Lesser Beckoning         Tloc           6%         N/A       41%         2
 Momentum Strike          Conj/Tloc      6%         3d8       41%         2
 Confusing Touch          Hex            3%         N/A       63%         3
 Gell's Gravitas          Tloc           3%         N/A       63%         3
 Kindle Blastsparks       Fire/Tloc/Air  6%         2d10      63%         3
 Teleport Other           Tloc           3%         N/A       63%         3
 Vampiric Draining        Necr           3%         2d6       63%         3
 Fulminant Prism          Conj/Hex       1%         3d5       95%         4
 Iskenderun's Mystic Bla  Conj/Tloc      3%         2d3       95%         4
 Alistair's Intoxication  Tmut/Pois      2%         N/A       100%        5
 Lee's Rapid Deconstruct  Erth           1%         3d4*      100%        5
 Dispersal                Tloc           1%         N/A       100%        6


Dungeon Overview and Level Annotations

Branches:
Dungeon (10/15)            Temple (1/1) D:4            Lair (1/5) D:10
    Orc (0/2) D:10        Ossuary (visited)          Bailey (visited)
Gauntlet (1/1)

Altars:
Ashenzari
Cheibriados
Dithmenos
Elyvilon
Fedhas
Gozag
Hepliaklqana
Kikubaaqudgha
Makhleb
Nemelex Xobeh
Okawaru
Qazlal
Ru
Sif Muna
Trog
Uskayaw
Vehumet
Xom
Yredelemnul
Zin
The Shining One

Shops:
D:9 :

Annotations:
D:3 3 runed translucent doors, Dirtsage's ghost, weakling DrGl Gauntlet 2 runed translucent doors, 7 transporters


Innate Abilities, Weirdness & Mutations

You have razor-sharp teeth.
Your natural rate of healing is unusually fast.
When hurt, damage is shared between your health and your magic reserves.
Your bite disrupts and absorbs the magic of your enemies.
Potions cannot restore your health.


Message History

You drain its power.
The quicksilver ooze is moderately wounded.
The quicksilver ooze hits you! The quicksilver ooze engulfs you!
The quicksilver ooze hits you but does no damage.
You cannot cast spells while unable to breathe!
You barely miss the quicksilver ooze. You bite the quicksilver ooze.
You drain its power.
You feel invigorated.
The quicksilver ooze is moderately wounded.
Your lungs strain for air!
The quicksilver ooze hits you. x2
You feel your power leaking away. The quicksilver ooze hits you!
The quicksilver ooze hits you but does no damage.
You slash the quicksilver ooze!
You feel better.
The quicksilver ooze is heavily wounded.
Your lungs strain for air!
The quicksilver ooze hits you!
The quicksilver ooze hits you but does no damage.
You can now pass through a line of other dancers.
You barely miss the quicksilver ooze. You bite the quicksilver ooze.
You drain its power.
You feel invigorated.
The quicksilver ooze is severely wounded.
Your lungs strain for air!
The quicksilver ooze hits you!
* * * LOW HITPOINT WARNING * * *
The quicksilver ooze barely misses you.
You cannot read scrolls while unable to breathe!
Okay, then.
You barely miss the quicksilver ooze. Your bite misses the quicksilver ooze.
The quicksilver ooze is severely wounded.
* * * LOW HITPOINT WARNING * * *
Your lungs strain for air!
The quicksilver ooze misses you. The quicksilver ooze hits you.
* * * LOW HITPOINT WARNING * * *
You feel your power leaking away. The quicksilver ooze hits you.
The quicksilver ooze hits you but does no damage.
You slash the quicksilver ooze!
The quicksilver ooze is severely wounded.
You die...

#########################
#≈#≈#≈#≈#§#≈#≈#≈#§#≈#≈#≈#
.........§§.............##
........................≈#
..#########..#########..##
..#.......#..#.(....^#..≈#
..#..#.#..#..#.#J###?#..##
###..#.#..####.#@.~#=#..≈#
©©#..#©#.©#©©#.#.©≈#©#.§## .#
###..#.#[.####.#..~#)#.§≈# ..#
..#..#.#†.#..#.#+###.#.§###..#
..#.......#..#^......#..#....#
..#########..#########..#©...#
......................∩.#....#
........................#.....
#########..###########..#©...#


You could see a quicksilver ooze.

Vanquished Creatures
  A two-headed ogre (D:9)
  A catoblepas (Gauntlet)
  2 death yaks (D:10)
  An ugly thing (D:9)
  A cane toad (Lair:1)
  A gargoyle (Gauntlet)
  A kobold demonologist (D:10)
  A komodo dragon (Lair:1)
  A troll (D:10)
  A raiju (Gauntlet)
  A snapping turtle (shapeshifter) (D:9)
  4 wyverns
  Grum (D:8)
  22 yaks
  A steam dragon (Gauntlet)
  Menkaure (Ossuary)
  4 water moccasins
  2 sky beasts
  4 orc warriors
  2 ice beasts (D:7)
  3 black bears
  An ogre (D:5)
  6 wolves
  3 centaurs
  5 kobold brigands
  6 bullfrogs
  4 scorpions
  9 gnoll sergeants
  4 wights (D:7)
  9 killer bees
  12 howler monkeys
  2 electric eels (D:10)
  2 centaur zombies (Ossuary)
  A jelly (D:5)
  A human zombie (Ossuary)
  4 orc priests (D:10)
  3 hounds
  6 gnoll boudas (Bailey)
  5 orc wizards
  3 ogre zombies (Ossuary)
  6 mummies (Ossuary)
  26 gnolls
  8 adders
  A shadow imp (D:7)
  A white imp (D:5)
  An ufetubus (D:4)
  4 adder zombies (Ossuary)
  3 dart slugs
  25 orcs
  7 ball pythons
  4 endoplasms
  3 giant cockroaches
  12 goblins
  8 hobgoblins
  4 jackals (D:1)
  25 kobolds
  2 quokkas
  3 bats
  2 frilled lizards
  4 goblin zombies (Ossuary)
  2 hobgoblin zombies (Ossuary)
  4 kobold zombies (Ossuary)
  8 quokka zombies (Ossuary)
  2 rats
  2 rat zombies (Ossuary)
309 creatures vanquished.

Vanquished Creatures (others)
  2 orcs (D:10)
  A goblin (D:8)
  2 fungi
  12 plants (Gauntlet)
17 creatures vanquished.

Grand Total: 326 creatures vanquished

Notes
Turn   | Place    | Note
-------+----------+-------------------------------------------
     0 | D:1      | Leeroy the Vine Stalker Monk began the quest for the Orb.
     0 | D:1      | Reached XP level 1. HP: 11/11 MP: 2/2
   190 | D:1      | Reached skill level 3 in Long Blades
   249 | D:1      | Reached XP level 2. HP: 16/16 MP: 3/3
   794 | D:2      | Reached XP level 3. HP: 20/20 MP: 4/4
  1175 | D:2      | Found a faded altar of an unknown god.
  1450 | D:3      | Gained mutation: Your natural rate of healing is unusually
                  | fast. [Vine Stalker growth]
  1450 | D:3      | Reached XP level 4. HP: 4/24 MP: 2/5
  1731 | D:3      | Found a runed translucent gate.
  1732 | D:3      | Found a runed translucent gate.
  1733 | D:3      | Found a runed translucent gate.
  1733 | D:3      | Noticed Dirtsage's ghost (weakling DrGl)
  1882 | D:4      | Found a snail-covered altar of Cheibriados.
  1921 | D:4      | Found an ancient bone altar of Kikubaaqudgha.
  1954 | D:4      | Noticed a scorpion
  1992 | D:4      | Noticed a black bear
  2002 | D:4      | Killed a black bear
  2003 | D:4      | Reached skill level 4 in Long Blades
  2003 | D:4      | Reached XP level 5. HP: 19/28 MP: 6/6
  2039 | D:4      | Found a staircase to the Ecumenical Temple.
  2053 | Temple   | Entered the Ecumenical Temple
  2053 | Temple   | Found a transporter.
  2053 | Temple   | Found a transporter.
  2055 | Temple   | Found a transporter.
  2055 | Temple   | Found a transporter.
  2103 | D:4      | Reached skill level 5 in Long Blades
  2185 | D:4      | Found a sand-covered staircase.
  2195 | Ossuary  | Entered an ossuary
  2211 | Ossuary  | Reached XP level 6. HP: 32/32 MP: 7/7
  2243 | Ossuary  | Reached skill level 1 in Spellcasting
  2293 | Ossuary  | Noticed Menkaure
  2310 | Ossuary  | Killed Menkaure
  2329 | Ossuary  | Reached skill level 5 in Stealth
  2346 | Ossuary  | Reached XP level 7. HP: 36/36 MP: 8/10
  2868 | D:4      | Reached skill level 6 in Long Blades
  2883 | D:4      | Learned a level 2 spell: Blink
  3286 | D:5      | Entered Level 5 of the Dungeon
  3530 | D:5      | Gained mutation: You have razor-sharp teeth. [Vine Stalker
                  | growth]
  3530 | D:5      | Reached XP level 8. HP: 40/40 MP: 12/14
  3668 | D:5      | Identified the +5 trident of an ice cave {heavy, Int-4 SInv
                  | Stlth+}
  4024 | D:5      | Reached skill level 5 in Spellcasting
  4222 | D:6      | Noticed a yak
  4223 | D:6      | Noticed a yak
  4224 | D:6      | Noticed a yak
  4224 | D:6      | Noticed a yak
  4277 | D:5      | Killed a yak
  4309 | D:5      | Killed a yak
  4340 | D:5      | Killed a yak
  4341 | D:5      | Reached XP level 9. HP: 25/44 MP: 12/20
  4421 | D:6      | Reached skill level 7 in Long Blades
  5006 | D:7      | Reached skill level 8 in Long Blades
  5253 | D:7      | Reached skill level 9 in Long Blades
  5449 | D:7      | Reached XP level 10. HP: 42/49 MP: 21/21
  5589 | D:7      | Reached skill level 10 in Long Blades
  5663 | D:7      | Found a hide-covered altar of Uskayaw.
  5682 | D:7      | Became a worshipper of Uskayaw the Reveller
  5682 | D:7      | Reached * piety under Uskayaw
  5828 | D:8      | Reached ** piety under Uskayaw
  5838 | D:8      | Reached *** piety under Uskayaw
  6039 | D:8      | Found a bloodstained altar of Trog.
  6129 | D:8      | Noticed Grum
  6204 | D:8      | Killed Grum
  6390 | D:8      | Reached **** piety under Uskayaw
  7004 | D:9      | Noticed a two-headed ogre
  7112 | D:9      | Reached skill level 11 in Long Blades
  7236 | D:9      | Found Qayh's Book Shop.
  7314 | D:10     | Entered Level 10 of the Dungeon
  7357 | D:10     | Noticed a death yak
  7375 | D:10     | Noticed a kobold demonologist
  7391 | D:10     | Killed a kobold demonologist
  7439 | D:10     | Found a staircase to the Lair.
  7439 | D:10     | Noticed a death yak
  7439 | D:10     | Noticed a death yak
  7440 | D:10     | Noticed a death yak
  7441 | D:10     | Noticed a death yak
  7442 | D:10     | Noticed a death yak
  7443 | D:10     | Found a flagged portal.
  7481 | Bailey   | Entered a bailey
  7813 | Bailey   | Reached ***** piety under Uskayaw
  7953 | Bailey   | HP: 1/49 [gnoll sergeant/+0 glaive (14)]
  8613 | D:9      | Reached skill level 12 in Long Blades
  8628 | D:9      | Reached XP level 11. HP: 47/52 MP: 18/22
  8668 | D:9      | Reached skill level 1 in Armour
  8683 | D:9      | Killed a two-headed ogre
  8746 | D:9      | Noticed a brown ugly thing
  8778 | D:9      | Killed a brown ugly thing
  8809 | D:9      | Identified the ring "Daosent" {Wiz rN+ Dex+3}
  8816 | D:9      | Identified the +3 shortbow "Vine Stalker's Doom" {freeze,
                  | Str+3 Dex+3 Stlth+}
  9456 | D:10     | Killed a death yak
  9457 | D:10     | Reached skill level 5 in Armour
  9497 | D:10     | Killed a death yak
 10023 | D:10     | Found a staircase to the Orcish Mines.
 10389 | D:10     | Found a burning altar of Makhleb.
 10452 | D:10     | Found a white marble altar of Elyvilon.
 10458 | D:10     | Found a shimmering altar of Xom.
 10460 | D:10     | Found an iron altar of Okawaru.
 10563 | Lair:1   | Entered Level 1 of the Lair of Beasts
 10626 | Lair:1   | Found a gate leading to a gauntlet.
 10754 | Lair:1   | Reached skill level 5 in Fighting
 10797 | Lair:1   | Reached XP level 12. HP: 58/62 MP: 14/23
 10801 | Lair:1   | Reached ****** piety under Uskayaw
 10862 | Gauntlet | Entered a Gauntlet
 10862 | Gauntlet | Noticed a catoblepas
 10862 | Gauntlet | Found a runed translucent door.
 10862 | Gauntlet | Found a transporter.
 10862 | Gauntlet | Found a runed translucent door.
 10862 | Gauntlet | Found a transporter.
 10862 | Gauntlet | Found a transporter.
 10872 | Gauntlet | Found a transporter.
 10875 | Gauntlet | Found a transporter.
 10886 | Gauntlet | Found a transporter.
 10886 | Gauntlet | Found a transporter.
 10888 | Gauntlet | Noticed a quicksilver ooze
 10890 | Gauntlet | Found a runed translucent door.
 10890 | Gauntlet | Found a runed translucent door.
 10894 | Gauntlet | Found a transporter.
 10912 | Gauntlet | Found a transporter.
 10915 | Gauntlet | Noticed a dire elephant
 10929 | Gauntlet | Found a transporter.
 10932 | Gauntlet | Found a transporter.
 10942 | Gauntlet | Found a transporter.
 11055 | Gauntlet | Killed a catoblepas
 11318 | Gauntlet | Drowned by a quicksilver ooze

Illustrated notes

Levels and vault maps discovered:
D:1:      grunt_arrival_crossed_arrows, layout_loops_ring
D:2:      layout_basic, hellmonk_ecumenical_altar_slurped_away
D:3:      layout_rooms, ebering_ghost_rock_garden
D:4:      layout_basic, mainiacjoe_overflow_chevrons, kiku_gazebo_pond_becter,
          minmay_temple_entry_junction, enter_ossuary_3
D:5:      layout_basic, minmay_misc_feat_five, kennysheep_opposing_triangles,
          uniq_menkaure
D:6:      layout_basic, mainiacjoe_overflow_surrounded_room,
          nrook_loot_triangle, minmay_tree_intersection, uniq_crazy_yiuf_cottage
D:7:      layout_loops_ring, nicolae_uskayaw_dance_studio
D:8:      layout_basic, trog_hazing_becter, minmay_misc_feat_ornament, uniq_grum
D:9:      nicolae_cairo_tiling_very_big, layout_loops_cross, serial_shops, shop,
          minmay_misc_feat_columns, minmay_radiant
D:10:     layout_long_grid, grunt_temple_overflow_open, dpeg_lair_monsters,
          erik_orc_2, enter_bailey_5
Temple:   hellmonk_temple_divided_pantheon
Lair:1:   layout_layer_cave, gauntlet_entry_generic, grunt_megastairs_2
Gauntlet: minmay_gauntlet_mixed_big_or_small [nicolae_gauntlet_arena_grate_2,
          minmay_gauntlet_arena_77_cramped,
          gammafunk_gauntlet_arena_arrow_garden,
          minmay_gauntlet_arena_77_chump_sandwich,
          gammafunk_gauntlet_arena_mazey, minmay_gauntlet_arena_77_shame_cube,
          dreamdust_gauntlet_exit_labyrinth]

Skill      XL: |  1  2  3  4  5  6  7  8  9 10 11 12 |
---------------+-------------------------------------+-----
Long Blades    | 3 4 5 6 9 12 | 12.4
Fighting       | 3 6 7 |  7.6
Dodging        | 3 4 |  4.3
Spellcasting   | 1 3 7 |  7.1
Stealth        | 5 6 |  6.3
Armour         | 6 |  6.2

Action                     |  1- 3 |  4- 6 |  7- 9 | 10-12 || total
---------------------------+-------+-------+-------+-------++-------
  Melee: Falchion          |    78 |     1 |       |       ||    79
         Bite              |    16 |    42 |   156 |   206 ||   420
         Long sword        |       |    12 |       |       ||    12
         Dagger            |       |    94 |   414 |   186 ||   694
         Punch             |       |       |     8 |     6 ||    14
         Scimitar          |       |       |       |   371 ||   371
  Throw: Dart              |       |     2 |       |    42 ||    44
         Throwing net      |       |       |       |     5 ||     5
  Evoke: Wand              |       |       |       |     9 ||     9
         Lightning rod     |       |       |       |     4 ||     4
    Use: Scroll            |       |     4 |     2 |    11 ||    17
         Potion            |       |     1 |       |       ||     1
   Stab: Sleeping          |     6 |     2 |    21 |     3 ||    32
         Paralysed         |       |       |       |    41 ||    41
         Distracted        |       |       |       |     2 ||     2
         Held in net/web   |       |       |       |     2 ||     2
 Armour: Robe              |    13 |    15 |    46 |    41 ||   115
         Fire dragon scale |       |       |       |    76 ||    76
  Dodge: Dodged            |    62 |    35 |   233 |   425 ||   755

Table legend: (Time is in decaauts)
 A = Elapsed time spent in this place.
 B = Non-inter-level travel time spent in this place.
 C = Inter-level travel time spent in this place.
 D = Time resting spent in this place.
 E = Time spent auto-exploring this place.
 F = Levels seen in this place.
 G = Mean time per level.
                   A        B        C        D        E       F      G
               +--------+--------+--------+--------+--------+-----+--------+
         Total |  10890 |  10298 |    592 |   1117 |   5914 |  15 |  726.0 |
       Dungeon |   8692 |   8197 |    495 |    611 |   5265 |  10 |  869.2 |
        Temple |     34 |     34 |      0 |      0 |      0 |   1 |   34.0 |
          Lair |    285 |    188 |     97 |      0 |     85 |   1 |  285.0 |
       Ossuary |    409 |    409 |      0 |      0 |    229 |   1 |  409.0 |
        Bailey |   1019 |   1019 |      0 |    353 |    210 |   1 | 1019.0 |
      Gauntlet |    450 |    450 |      0 |    153 |    125 |   1 |  450.0 |
               +--------+--------+--------+--------+--------+-----+--------+

Top non-repeatable levels by time:
    D:10: 1316 daAuts
     D:8: 1228 daAuts
     D:5: 1161 daAuts
     D:9: 1098 daAuts
  Bailey: 1019 daAuts
     D:4: 905 daAuts
     D:1: 787 daAuts
     D:7: 702 daAuts
     D:2: 636 daAuts
     D:3: 496 daAuts
Gauntlet: 450 daAuts
 Ossuary: 409 daAuts
     D:6: 358 daAuts
  Lair:1: 285 daAuts
  Temple: 34 daAuts
